 Dungeon Crawl Stone Soup version 0.29-a0-234-g0dae59b3db (webtiles) character file.

Game seed: 2899978983940269196

12 spaghetti the Ducker (level 2, 21/21 HPs)
             Began as an Octopode Fighter on Mar 3, 2022.
             Was a Believer of Lugonu.
             Quit the game on level 1 of the Dungeon.
             The game lasted 00:00:19 (160 turns).

spaghetti the Ducker (Octopode Fighter)              Turns: 160, Time: 00:00:20

Health: 21/21      AC:  1    Str: 15    XL:     2   Next: 33%
Magic:  2/2        EV: 13    Int: 10    God:    Lugonu [**....]
Gold:   22         SH:  4    Dex: 11    Spells: 1/1 levels left

rFire   . . .      SeeInvis .   a - +0 long sword {long}
rCold   . . .      Faith    .   b - +0 buckler
rNeg    . . .      Spirit   .   (helmet restricted)
rPois   .          Reflect  .   (no amulet)
rElec   .          Harm     .   (no ring)
rCorr   .          Rampage  .   (no ring)
Will    .....                   (no ring)
Stlth   ++........              (no ring)
HPRegen 0.07/turn               (no ring)
MPRegen 0.08/turn               (no ring)
                                (no ring)
                                (no ring)

@: no status effects
A: almost no armour, amphibious, 8 rings, camouflage 1, gelatinous body 1,
(nimble swimmer 1), tentacles
a: Renounce Religion, Depart the Abyss, Bend Space


You were on level 1 of the Dungeon.
You worshipped Lugonu.
Lugonu was pleased with you.
You visited 1 branch of the dungeon, and saw 1 of its levels.

You collected 22 gold pieces.


Innate Abilities, Weirdness & Mutations

You cannot wear most types of armour.
You are amphibious.
You can wear up to eight rings at the same time.
Your skin changes colour to match your surroundings (Stealth+).
Your rubbery body absorbs attacks. (AC +1, EV +1)
((You are camouflaged when in or above water. (Stealth+)))
You have tentacles for arms and can constrict up to eight enemies at once.


   Skills:
 - Level 3.0 Fighting
 - Level 2.0 Long Blades
 + Level 3.7 Dodging
 - Level 3.0 Shields


You had one spell level left.
You didn't know any spells.
Your spell library was empty.

Inventory:

Hand Weapons
 a - a +0 long sword (weapon) {long}
Armour
 b - a +0 buckler (worn)
Potions
 c - a potion of might

Dungeon Overview and Level Annotations

Branches:
Dungeon (1/15)

Altars:
Lugonu

###.## ....## ..†.†# ....
.>.#.# ##..8. ...#.##
....#+# ...#..### #....#.#
..###...###.)###.###..#
###...†......#8...8#..#
#..####..#...#..@..#..# .#
##..#..#8...8#..#
##..#.###.###..### ###
##.....#.#......## ...
##[...#'#.>.....## #..
#....8.8.)......#
..##..####...............#
#....)..................#
###...###...............#


There were no monsters in sight!


Message History

An endoplasm comes into view.
Found 10 gold pieces.
Found an escape hatch in the floor.
An endoplasm is nearby!
A goblin comes into view. It is wielding a +0 dagger.
The goblin shouts!
Found a stone staircase leading down.
You closely miss the goblin.
The endoplasm quivers.
Your grab misses the goblin. Your squeeze misses the goblin.
The goblin closely misses you.
You hit the goblin.
You kill the goblin!
You barely miss the endoplasm. The endoplasm closely misses you.
You hit the endoplasm. Your squeeze misses the endoplasm.
The endoplasm freezes you.
You are frozen.
The endoplasm barely misses you. 😕 HP[-1]
You take 1 damage, and now have 15/16 hp.
You hit the endoplasm.
You kill the endoplasm!
No target in view!
No target in view!
No target in view!
No target in view!
No target in view!
No target in view!
No target in view!
No target in view!
No target in view!
No target in view!
No target in view!
A rat comes into view.
You see here 9 gold pieces. 😎 HP[+1]
Your hp is fully restored (16).
A rat is nearby!
A rat is nearby!
A giant cockroach comes into view.
A hobgoblin and a giant cockroach come into view.
You see here a +0 hand axe {axe}.
The helpless rat fails to defend itself.
You slash the rat!
You kill the rat!
You have reached level 2! 😎 HP[+5] MP[+1]
You now have 21 max hp (+5).
Your hp is fully restored (21).
Your mp is fully restored (2).
The hobgoblin closely misses you.
You hit the hobgoblin. You grab the hobgoblin. You squeeze the hobgoblin.
You kill the hobgoblin!
You barely miss the giant cockroach. Your grab misses the giant cockroach.
You squeeze the giant cockroach.
You kill the giant cockroach!
The helpless giant cockroach fails to defend itself.
You hit the giant cockroach. Your grab misses the giant cockroach.
The giant cockroach barely misses you.
The giant cockroach waves its antennae.
The giant cockroach closely misses you.
You barely miss the giant cockroach. You grab the giant cockroach.
You constrict the giant cockroach.
You kill the giant cockroach!
No target in view!
No target in view!
No target in view!
No target in view!
No target in view!
No target in view!
No target in view!
No target in view!
No target in view!
No target in view!
No target in view!
You now have 13 gold pieces (gained 10).
You now have 22 gold pieces (gained 9).
You open the door.
A ball python comes into view.
Found a faded altar of an unknown god.
A ball python is nearby!
A ball python is nearby!
There is an open door here.
The ball python hisses angrily.
There is a faded altar of an unknown god here.
You closely miss the ball python. Your grab misses the ball python.
You squeeze the ball python.
You kill the ball python!
No target in view!
No target in view!
No target in view!
No target in view!
No target in view!
No target in view!
There is a faded altar of an unknown god here.
You cannot tell which god this altar belongs to.
Convert to them anyway?
Lugonu accepts your prayer! Lugonu welcomes you!
You can now depart the Abyss.
You can now bend space around yourself.
Unknown command.
Press < or > to pray at altars.
Are you sure you want to abandon this character and quit the game? (Confirm with "yes".)

Action                   || total
-------------------------++-------
Melee: Long sword        ||    14
       Tentacles         ||     4
       Constrict         ||     2
 Stab: Sleeping          ||     2
Dodge: Dodged            ||     7
Block: Buckler           ||     1

Levels and vault maps discovered:
D:1:      eino_arrival_cavern_c, layout_rooms,
          dreamdust_ecumenical_altar_angels_and_demons, chequers_arboretum,
          grunt_decor_arrowhead, grunt_decor_clamped

Notes
Turn   | Place    | Note
-------+----------+-------------------------------------------
     0 | D:1      | spaghetti the Octopode Fighter began the quest for the Orb.
     0 | D:1      | Reached XP level 1. HP: 16/16 MP: 1/1
     0 | D:1      | magus.rc [v1.9.6]
   132 | D:1      | Reached XP level 2. HP: 21/21 MP: 2/2
   150 | D:1      | Found a faded altar of an unknown god.
   159 | D:1      | Prayed at the altar of an unknown god.
   159 | D:1      | Became a worshipper of Lugonu the Unformed
   159 | D:1      | Reached * piety under Lugonu
   159 | D:1      | Reached ** piety under Lugonu
   160 | D:1      | Quit the game

Vanquished Creatures
  An endoplasm (D:1)
  2 giant cockroaches (D:1)
  A goblin (D:1)
  A hobgoblin (D:1)
  2 quokkas (D:1)
  2 ball pythons (D:1)
  A rat (D:1)
10 creatures vanquished.

Table legend:
 A = Non-vault XP
 B = Vault XP
 C = Vault XP percentage of total XP
 D = Non-vault monster count
 E = Vault monster count
 F = Vault count percentage of total count
                 A         B        C        D         E       F
            +---------+---------+-------+---------+---------+-------
      Total |      18 |       0 |   0.0 |      10 |       0 |   0.0
            +---------+---------+-------+---------+---------+-------
        D:1 |      18 |       0 |   0.0 |      10 |       0 |   0.0
            +---------+---------+-------+---------+---------+-------

Illustrated notes

Table legend:
 A = Kills in this place as a percentage of kills in entire the game.
 B = Kills by you in this place as a percentage of kills by you in the entire game.
 C = Kills by friends in this place as a percentage of kills by friends in the entire game.
 D = Other kills in this place as a percentage of other kills in the entire game.
 E = Experience gained in this place as a percentage of experience gained in the entire game.
 F = Experience gained in this place divided by the number of levels of this place that you have seen.
                   A       B       C       D       E      F
               +-------+-------+-------+-------+-------+----------------------
         Total | 100.0 | 100.0 |   N/A |   N/A | 100.0 |  18.0
       Dungeon | 100.0 | 100.0 |   N/A |   N/A | 100.0 |  18.0
               +-------+-------+-------+-------+-------+----------------------

Table legend: (Time is in decaauts)
 A = Elapsed time spent in this place.
 B = Non-inter-level travel time spent in this place.
 C = Inter-level travel time spent in this place.
 D = Time resting spent in this place.
 E = Time spent auto-exploring this place.
 F = Levels seen in this place.
 G = Mean time per level.
                   A        B        C        D        E       F      G
               +--------+--------+--------+--------+--------+-----+--------+
         Total |    164 |    164 |      0 |      0 |    110 |   1 |  164.0 |
       Dungeon |    164 |    164 |      0 |      0 |    110 |   1 |  164.0 |
               +--------+--------+--------+--------+--------+-----+--------+

Top non-repeatable levels by time:
     D:1: 164 daAuts
